Cogmind - Beta 12 @@@ ROGUE MODE // 2023.03.12 @ 22:55:27 Player: dhtilly Result: Destroyed by D-53 Grenadier with Mini Grenade Launcher Performance ------------- Evolutions (0) 0 Regions Visited (2) 400 Robots Destroyed (13) 65 Value Destroyed (331) 331 Prototype IDs (0) 0 Alien Tech Used (0) 0 Bonus (-23) -23 TOTAL SCORE: 773 Bonus ------- Friendly Fire -23 Cogmind --------- Core Integrity 0/250 Matter 180/300 Energy 82/100 System Corruption 0% Temperature Cool (0) Movement Treading (240) Ox1 Location -10/Mines Parts ------- > --- POWER (1) -------- (None) > --- PROPULSION (2) --- Light Treads > --- UTILITY (2) ------ High-capacity Storage Unit > --- WEAPON (2) ------- (None) > --- INVENTORY (20) --- Ion Engine Light Nuclear Core Large Storage Unit Spread Laser Shotgun Shotgun Shotgun Light Cannon Grenade Launcher Peak State ------------ > --- POWER ------------ Ion Engine > --- PROPULSION ------- Wheel Wheel > --- UTILITY ---------- Small Storage Unit Medium Armor Plating > --- WEAPON ----------- Particle Gun Shotgun > --- INVENTORY -------- Ion Engine Light Nuclear Core Light Treads Light Treads Particle Gun Shotgun Shotgun Grenade Launcher [Rating: 11] Favorites ----------- Power Ion Engine Engine Ion Engine Propulsion Wheel Treads Light Treads Wheel Wheel Utility Medium Armor Plating Storage Small Storage Unit Protection Medium Armor Plating Weapon Shotgun Energy Gun Spread Laser Ballistic Gun Shotgun Launcher Grenade Launcher Build | -11 -10 -10 ------- Run | Jun Mat Min Slots Evolved . | . . . Power . | . . . Propulsion . | . . . Utility . | . . . Weapon . | . . . Parts Attached 21 | 6 8 7 Power 1 | 1 . . Engine 1 | 1 . . Core . | . . . Reactor . | . . . Propulsion 6 | 2 2 2 Treads 3 | . 1 2 Leg . | . . . Wheel 3 | 2 1 . Hover . | . . . Flight . | . . . Utility 3 | 1 2 . Device . | . . . Storage 2 | 1 1 . Processor . | . . . Hackware . | . . . Protection 1 | . 1 . Artifact . | . . . Weapon 11 | 2 4 5 Energy Gun 2 | . 2 . Energy Cannon . | . . . Ballistic Gun 7 | 2 2 3 Ballistic Cannon . | . . . Launcher 2 | . . 2 Special Weapon . | . . . Impact Weapon . | . . . Slashing Weapon . | . . . Piercing Weapon . | . . . Special Melee Weapon . | . . . Unidentified Prototypes . | . . . Parts Lost 9 | . 1 8 Power 1 | . . 1 Propulsion 4 | . 1 3 Utility 1 | . . 1 Weapon 3 | . . 3 Highest Loss Streak 8 | . 1 8 To Critical Strikes . | . . . Average Slot Usage (%) 94 | . 96 77 Engine 13 | . 14 8 Treads 1 | . . 8 Wheel 25 | . 27 14 Storage 14 | . 14 14 Protection 10 | . 11 8 Energy Gun 10 | . 11 8 Ballistic Gun 15 | . 16 10 Naked Turns . | . . . Heaviest Build 58 | 13 58 58 Greatest Support 40 | 20 20 40 Greatest Overweight (x) 5 | . 5 2 Average Overweight (x) 1 | . 1 1 Largest Inventory Capacity 20 | 8 20 20 Average Capacity 12 | 7 11 20 Most Carried 12 | 4 12 12 Average Carried 7 | 2 7 11 Final Capacity 20 | 8 20 20 Final Carried 12 | 4 12 9 Class Distribution -------------------- 100% | Mutant Dominant Class ---------------- Mutant | -10/Materials Mutant | -10/Mines Resources | -11 -10 -10 ----------- Run | Jun Mat Min Matter Collected 515 | 260 252 3 Remotely . | . . . Salvage Created 476 | . 408 68 Parts 26 | . 26 . Haulers Intercepted 1 | . 1 . Recyclers Shooed . | . . . Parts Field Recycled . | . . . Retrieved Matter . | . . . Parts Self-Destructed . | . . . Prevented . | . . . Kills | -11 -10 -10 ------- Run | Jun Mat Min Combat Hostiles Destroyed 30 | . 11 19 Guns 13 | . 11 2 AOE 17 | . . 17 Classes Destroyed 5 | . 4 1 Worker 1 | . 1 . Hauler 1 | . 1 . Swarmer 3 | . 3 . Grunt 8 | . 8 . Assembled 19 | . . 19 Best Kill Streak 19 | . 7 19 Combat Bots Only 19 | . 7 19 Max Kills in Single Turn 3 | . 1 3 Gunslinging . | . . . Exploded 3 | . . 3 Melee . | . . . Uniques/NPCs Destroyed . | . . . Combat | -11 -10 -10 -------- Run | Jun Mat Min Damage Taken 1241 | . 351 890 Core 257 | . 61 196 Absorbed by Shields . | . . . Core Remaining (%) 100 | 100 . . Volleys Fired 58 | . 47 11 Largest 2 | . 2 1 Hottest 88 | . 88 65 Shots Fired 103 | . 92 11 Gun 94 | . 92 2 Cannon . | . . . Launcher 9 | . . 9 Special . | . . . Kinetic 66 | . 65 1 Thermal 28 | . 27 1 Explosive 9 | . . 9 Electromagnetic . | . . . Robot Hit Streak 12 | . 12 2 Robot Miss Streak 6 | . 6 3 Penetration Max . | . . . Secondary Targets 1 | . 1 . Max Gunslinging Chain 1 | . 1 . Shots Hit Robots 65 | . 60 5 Core Hits 73 | . 32 41 Critical Kills . | . . . Critical Parts Destroyed . | . . . Critical Strikes . | . . . Melee Attacks . | . . . Impact . | . . . Slashing . | . . . Piercing . | . . . Sneak Attacks . | . . . Combat Hostiles . | . . . Follow-up Attacks . | . . . Damage Inflicted 1869 | . 795 1074 Guns 804 | . 786 18 Cannons . | . . . Explosions 1056 | . . 1056 Melee . | . . . Ramming 9 | . 9 . Kinetic 549 | . 535 14 Thermal 255 | . 251 4 Explosive 1056 | . . 1056 Electromagnetic . | . . . Impact . | . . . Slashing . | . . . Piercing . | . . . Highest Corruption . | . . . Average Corruption . | . . . Corruption Purged . | . . . Corruption Blocked . | . . . Overload Shots . | . . . Overflow Damage 8 | . . 8 Projectiles . | . . . Explosions 8 | . . 8 Melee . | . . . Knockbacks . | . . . Impact . | . . . Kinetic . | . . . Secondary . | . . . Self-Inflicted Damage 17 | . 4 13 Shots 2 | . . 2 Rammed 1 | . 1 . Targets Rammed 1 | . 1 . Kicked . | . . . Crushed . | . . . Highest Temperature 228 | . 228 48 Average Temperature 87 | . 91 34 Received Heat Transfer 175 | . 135 40 Siege Activations . | . . . Robots Corrupted . | . . . Combat Hostiles . | . . . Parts Fried . | . . . Impact Corruptions . | . . . Robots Melted . | . . . Combat Hostiles . | . . . Parts Melted . | . . . Heat Transferred 449 | . 444 5 Parts Sabotaged . | . . . Parts Stolen . | . . . Parts Stripped . | . . . Power Chain Reactions . | . . . Missiles Intercepted . | . . . Alert | -11 -10 -10 ------- Run | Jun Mat Min Peak Influence 160 | . 160 53 Initial 24 | . . 24 Average 55 | . 62 27 Maximum Alert Level . | . . . Low Security (%) 100 | 100 100 100 Level 1 . | . . . Level 2 . | . . . Level 3 . | . . . Level 4 . | . . . Level 5 . | . . . High Security . | . . . Max Security . | . . . Squads Dispatched 2 | . 2 . Investigation 2 | . 2 . Extermination . | . . . Reinforcement . | . . . Assault . | . . . Garrison . | . . . Intercept . | . . . Searches Triggered . | . . . Construction Impeded . | . . . Haulers Reinforced . | . . . Active Scanning Responses . | . . . Cargo Convoy Interrupts . | . . . Stealth | -11 -10 -10 --------- Run | Jun Mat Min Distress Signals 2 | . 2 . Communications Jammed . | . . . Distress Signals . | . . . Times Spotted 40 | . 18 22 Peak Tracking Total 20 | . 5 20 Tactical Retreats . | . . . Traps | -11 -10 -10 ------- Run | Jun Mat Min Traps Triggered 1 | . 1 . Indirectly . | . . . Trap Hack Attempts . | . . . Triggered . | . . . Disarmed . | . . . Reprogrammed . | . . . Reused . | . . . Traps Extracted . | . . . Installed . | . . . Triggered . | . . . Machines | -11 -10 -10 ---------- Run | Jun Mat Min Machines Disabled . | . . . Max in Single Turn . | . . . Machines Repaired . | . . . Machines Sabotaged . | . . . Overloaded Fab Kills . | . . . Hacking | -11 -10 -10 --------- Run | Jun Mat Min Machines Accessed 5 | . 5 . Terminals 5 | . 5 . Fabricators . | . . . Repair Stations . | . . . Recycling Units . | . . . Scanalyzers . | . . . Garrison Access . | . . . Total Hacks 22 | . 22 . Successful 11 | . 11 . Failed 11 | . 11 . Catastrophic 1 | . 1 . Database Lockouts . | . . . Manual 9 | . 9 . Terminals 22 | . 22 . Fabricators . | . . . Repair Stations . | . . . Recycling Units . | . . . Scanalyzers . | . . . Garrison Access . | . . . Terminal Hacks 6 | . 6 . Branch Access Points 1 | . 1 . Terminal Index 1 | . 1 . Unreport Threat 1 | . 1 . Locate Traps 1 | . 1 . Registered Components 1 | . 1 . Zone Layout 1 | . 1 . Fabricator Hacks . | . . . Repair Station Hacks . | . . . Recycling Unit Hacks . | . . . Scanalyzer . | . . . Garrison Access Hacks . | . . . Unauthorized Hacks 5 | . 5 . Terminals 5 | . 5 . Botnet 5 | . 5 . Fabricators . | . . . Repair Stations . | . . . Recycling Units . | . . . Scanalyzers . | . . . Garrison Access . | . . . Data Cores Recovered . | . . . Used . | . . . Hacking Detections 5 | . 5 . Full Trace Events 1 | . 1 . Feedback Events . | . . . Feedback Blocked . | . . . Robot Schematics Acquired . | . . . Robots Built . | . . . Authchips . | . . . Time . | . . . Total Robot Build Rating . | . . . Part Schematics Acquired . | . . . Parts Built . | . . . Authchips . | . . . Time . | . . . Total Part Build Rating . | . . . Parts Repaired . | . . . Time . | . . . Parts Recycled . | . . . Recycled Matter . | . . . Retrieved Matter . | . . . Retrieved Components . | . . . Parts Scanalyzed . | . . . Part Schematics Acquired . | . . . Parts Damaged . | . . . Bothacking | -11 -10 -10 ------------ Run | Jun Mat Min Used RIF Installer . | . . . Robots Hacked . | . . . Non-combat . | . . . Combat . | . . . Robot Hacks Applied . | . . . Relay Couplers Released . | . . . Fabnet Peak Effective % . | . . . Robots Rewired . | . . . Allies Hacked . | . . . Hacks Repelled . | . . . Allies | -11 -10 -10 -------- Run | Jun Mat Min Total Allies . | . . . Largest Group . | . . . Highest-Rated Group . | . . . Highest-Rated Ally . | . . . Total Orders . | . . . Ally Attacks . | . . . Total Damage . | . . . Kills . | . . . Allies Corrupted . | . . . Allies Melted . | . . . Intel | -11 -10 -10 ------- Run | Jun Mat Min Robot Analysis Total . | . . . Derelict Logs Recovered . | . . . Drone Launches . | . . . Drone Recoveries . | . . . Exploration | -11 -10 -10 ------------- Run | Jun Mat Min Turns Passed 697 | 41 582 74 Spaces Moved 476 | 36 412 28 Core 1 | 1 . . Treads 9 | . . 9 Legs . | . . . Wheels 466 | 35 412 19 Hover . | . . . Flight . | . . . Fastest Speed 50 | 50 80 110 Average Speed 99 | 79 98 148 Slowest Speed 240 | 80 155 240 Overloaded Moves . | . . . Propulsion Burnouts . | . . . Robots Hopped . | . . . Cave-ins Triggered . | . . . Exploration Rate (%) 32 | 3 70 24 Regions Visited 2 Branch Regions 1 Pre-discovered Areas . | . . . Known Exits Taken 1 | . 1 . Unknown Exits Taken 1 | 1 . . Scrap Searched . | . . . Spaces Dug . | . . . Terrain Destroyed 39 | . . 39 Melee . | . . . Projectile . | . . . AOE 39 | . . 39 Terrain Rammed . | . . . Walls Destroyed . | . . . Machines Disabled . | . . . Actions | -11 -10 -10 --------- Run | Jun Mat Min Total 599 | 45 506 48 Wait 21 | . 19 2 Move 474 | 35 411 28 Hop . | . . . Pick Up 15 | 4 11 . Fast Attach 9 | 6 3 . Attach 4 | . 1 3 Detach 1 | . 1 . Swap 8 | . 4 4 Drop 8 | . 8 . Fire 58 | . 47 11 Melee . | . . . Ram 1 | . 1 . Kick . | . . . Crush . | . . . Escape Stasis . | . . . Rewire . | . . . Trap . | . . . Miscellaneous . | . . . Route ------- -11/Junkyard -10/Materials (discovered 4 exits: [*Mat x2] / *Min x2) -10/Mines History --------- Turn | Location | Event 11 | -11/Junkyard | Discovered new exit (range 16) 42 | -11/Junkyard | Entered Materials 152 | -10/Materials | Destroyed 7 combat bots 204 | -10/Materials | Discovered new exit (range 12) 288 | -10/Materials | Identified exit to Mines 315 | -10/Materials | Build established: Mutant 316 | -10/Materials | Discovered new exit (range 16) 624 | -10/Materials | Entered Mines 638 | -10/Mines | Assembled infested the area 643 | -10/Mines | Assisted by a Guerilla fighting off Assembled 689 | -10/Mines | Core integrity fell below 50% 691 | -10/Mines | Destroyed 19 combat bots 697 | -10/Mines | Core integrity fell below 20% 698 | -10/Mines | Destroyed by D-53 Grenadier with Mini Grenade Launcher Last Messages --------------- 00661_ Ion Engine destroyed. 00663_ as-78337 destroyed. [Achievement: Exterminator] 00663_ Spread Laser destroyed. 00666_ Med. Armor Plating destroyed. 00666_ as-12664 destroyed. 00669_ Wheel destroyed. 00670_ as-72952 destroyed. 00670_ as-04581 destroyed. 00670_ as-79949 destroyed. 00673_ The unstable cave ceiling collapses. 00678_ Acquired 3 matter. 00683_ C-30 ARC bursts open, deploying its payload. 00683_ D-53 Grenadier unfolds itself. 00684_ The unstable cave ceiling collapses. 00684_ T-07 Excavator destroyed. 00688_ Assault Rifle destroyed. 00692_ The unstable cave ceiling collapses. 00693_ Lgt. Treads destroyed. 00695_ The unstable cave ceiling collapses. Map ----- +----------------------------------------------------+ | | | | | | | | | | | | | | | | | | | | | | | | | | | | | | | ?????????????????????????????????????????????????? | | ?????????????????????????????????????????????????? | | ?????????????????????????????????????????????????? | | ??????????????????????????#####??????????????????? | | ????????????????????####### #??????????????????? | | ???????????????????## # # #??????????????????? | | ???????????????????# ##???###???????????? | | ???????????????????# #??# ##??????????? | | ????????????????????# ##?# #??????????? | | ????????????????????# ### #??????????? | | ???????????????????### @ # #??????????? | | ????????????? ## # #???????????? | | ???????????? #????????????? | | ??????????? ##????????????? | | ??????????? ### ##????????????? | | ????????????